 Dungeon Crawl Stone Soup version 0.31.0-11-ge490571c62 (webtiles) character file.

Game seed: 7842684367747988970

128 stipulation the Grave Robber (level 5, -3/24 HPs)
             Began as a Vine Stalker Necromancer on Jan 29, 2024.
             Slain by a gnoll
             ... wielding a +2 halberd of venom
              (9 damage)
             ... on level 3 of the Dungeon.
             The game lasted 00:03:18 (2432 turns).

stipulation the Grave Robber (VSNe)                 Turns: 2432, Time: 00:03:18

Health: -3/24      AC:  2    Str: 10    XL:     5   Next: 11%
Magic:  0/10       EV: 12    Int: 17    God:
Gold:   130        SH:  0    Dex: 15    Spells: 6/10 levels left

rFire   . . .        d - +0 dagger
rCold   . . .        (no shield)
rNeg    . . .        a - +0 robe
rPois   .            (no helmet)
rElec   .            (no cloak)
rCorr   .            (no gloves)
SInv    .            (no boots)
Will    .....        (no amulet)
Stlth   ++           (no ring)
HPRegen 1.04/turn    (no ring)
MPRegen 0.12/turn

%: guardian spirit
@: no status effects
A: fangs 2, regeneration 1, magic shield, antimagic bite, no potion heal 2
a: no special abilities


You were on level 3 of the Dungeon.
You visited 1 branch of the dungeon, and saw 3 of its levels.

You collected 169 gold pieces.
You spent 39 gold pieces at shops.

Inventory:

Hand Weapons
 d - a +0 dagger (weapon)
Armour
 a - a +0 robe (worn)
Scrolls
 c - 3 scrolls of teleportation {unknown}
 e - a scroll of vulnerability {unknown}
 g - a scroll of fear {unknown}
 h - a scroll of amnesia {unknown}
 i - a scroll of poison {unknown}
 k - 3 scrolls of revelation {unknown}
 m - a scroll of immolation {unknown}
Potions
 b - a potion of magic
 j - a potion of attraction {unknown}
 l - a potion of heal wounds {unknown}


   Skills:
 + Level 1.0 Short Blades
 - Level 2.2 Dodging
 - Level 3.4 Stealth
 + Level 3.3 Spellcasting
 + Level 4.7 Necromancy


You had 6 spell levels left.
You knew the following spells:

 Your Spells              Type           Power      Damage    Failure   Level
a - Necrotise             Necr           72%        1d7       2%          1
b - Vampiric Draining     Necr           18%        2d7       8%          3

Your spell library contained the following spells:

 Spells                   Type           Power      Damage    Failure   Level
 Animate Dead             Necr           18%        N/A       24%         4
 Curse of Agony           Necr           18%        N/A       56%         5


Dungeon Overview and Level Annotations

Branches:
Dungeon (3/15)

Altars:

Shops:
D:1 ?*


Innate Abilities, Weirdness & Mutations

You have extremely sharp teeth.
Your natural rate of healing is unusually fast.
When hurt, damage is shared between your health and your magic reserves.
Your bite disrupts and absorbs the magic of your enemies.
Potions cannot restore your health.


Message History

You kill the gnoll!
The dead are walking!
The gnoll hits you from afar with a +2 halberd of venom!
Your Short Blades skill increases to level 1!
You are too injured to fight recklessly!
You swap places.
The gnoll attacks as it pursues you! The gnoll barely misses you.
Your gnoll skeleton hits the gnoll.
The gnoll hits your gnoll skeleton with a +2 halberd of venom!
Your gnoll skeleton hits the gnoll.
The gnoll hits your gnoll skeleton with a +2 halberd of venom!
Your gnoll skeleton is destroyed!
The gnoll writhes in agony.
The gnoll barely resists.
The gnoll writhes in agony.
The gnoll hits you from afar with a +2 halberd of venom.
You are poisoned.
You are out of magic!
You feel sick.
The gnoll hits you with a +2 halberd of venom.
You barely miss the gnoll.
The gnoll is moderately wounded.
You feel sick. The gnoll barely misses you.
You closely miss the gnoll. Your bite misses the gnoll.
The gnoll is moderately wounded.
You feel sick. The gnoll closely misses you.
You hit the gnoll but do no damage.
The gnoll is moderately wounded.
You feel sick.
The gnoll hits you with a +2 halberd of venom!
* * * LOW HITPOINT WARNING * * *
You are lethally poisoned!
Your system rejects the healing.
You feel better. The gnoll closely misses you.
You barely miss the gnoll. Your bite misses the gnoll.
The gnoll is moderately wounded.
The gnoll barely misses you.
You closely miss the gnoll. Your bite misses the gnoll.
The gnoll is moderately wounded.
The gnoll hits you with a +2 halberd of venom!
You die...

#.# #...# ##'####### ###.## #...#
#.# ####....## #...# ##'#######
.....##..#####'## #........#
.............#.# #........#
#####..####P...# #...)....#
.#..#P.#..#....# ##'#######
.)..#..#).#..#.#########.########
.####..#'##.....@gg.........).)..
##............#########..########
...⌠..........# ##..##
.....#'##)##.## ##..##
.###'#).#..#.# ##..##
.#...#..#..#.## ###..##
.#..)#######..###...##
.#####...P.....#..###
.............#...##


You could see 2 gnolls.

Vanquished Creatures
  2 gnolls (D:3)
  2 adders (D:2)
  4 ribbon worms
  3 dart slugs
  3 orcs (D:3)
  5 ball pythons
  5 bats
  4 endoplasms
  A giant cockroach (D:2)
  8 goblins
  3 hobgoblins
  9 jackals
  2 quokkas
  2 frilled lizards
  9 kobolds
  3 rats
  A spectral hobgoblin (D:1)
66 creatures vanquished.

Vanquished Creatures (collateral kills)
  A bat (D:2)
  A hobgoblin (D:1)
2 creatures vanquished.

Grand Total: 68 creatures vanquished

Notes
Turn   | Place    | Note
-------+----------+-------------------------------------------
     0 | D:1      | stipulation the Vine Stalker Necromancer began the quest
                  | for the Orb.
     0 | D:1      | Reached XP level 1. HP: 9/9 MP: 4/4
   141 | D:1      | Found a faded altar of an unknown god.
   202 | D:1      | Reached XP level 2. HP: 13/13 MP: 6/6
   431 | D:1      | Reached XP level 3. HP: 8/16 MP: 2/7
   561 | D:1      | Found Jyhuologg's General Store.
   565 | D:1      | Bought a potion of curing for 39 gold pieces
   598 | D:1      | Found Peun's Magic Scroll Emporium.
  1014 | D:2      | Learned a level 3 spell: Vampiric Draining
  1243 | D:2      | Reached XP level 4. HP: 19/21 MP: 7/9
  1646 | D:2      | Identified the +6 spear of Qiutwuor {freeze, Str+2}
  2404 | D:3      | Reached XP level 5. HP: 24/24 MP: 6/10
  2411 | D:3      | Reached skill level 1 in Short Blades
  2432 | D:3      | Slain by a gnoll

Illustrated notes

Levels and vault maps discovered:
D:1:      dpeg_arrival_three_smaller_balls, layout_rooms, serial_shops,
          nicolae_shop_back_alley_shop, nicolae_shop_window_shopping,
          dreamdust_ecumenical_altar_drowned_temple, minmay_misc_feat_tiny,
          nicolae_wormholes
D:2:      layout_loops_ring
D:3:      corexii_shack_village, layout_basic

Skill      XL: |  1  2  3  4  5 |
---------------+----------------+-----
Stealth        | 3 |  3.4
Dodging        | 2 |  2.2
Spellcasting   | 3 |  3.3
Short Blades   | 1 |  1.0
Necromancy     | |  4.7

Action                     |  1- 3 |  4- 6 || total
---------------------------+-------+-------++-------
  Melee: Dagger            |    62 |   105 ||   167
         Bite              |    23 |    34 ||    57
         Punch             |     1 |     1 ||     2
   Cast: Necrotise         |    38 |    36 ||    74
    Use: Potion            |       |     1 ||     1
   Stab: Sleeping          |     1 |     1 ||     2
 Armour: Robe              |    32 |    62 ||    94
  Dodge: Dodged            |    34 |    52 ||    86
